 Dungeon Crawl Stone Soup version 0.21-a0-538-gd16b88a (webtiles) character file.

140 mortelune the Magician (level 5, -15/28 HPs)
             Began as a Deep Elf Fire Elementalist on Dec 16, 2017.
             Blown up by Ijyb (22 damage)
             ... with a wand of disintegration (11)
             ... on level 3 of the Dungeon.
             The game lasted 00:08:46 (2925 turns).

mortelune the Magician (Deep Elf Fire Elementalist) Turns: 2925, Time: 00:08:47

Health: -15/28     AC:  5    Str:  5    XL:     5   Next: 2%
Magic:  13/13      EV: 13    Int: 21    God:
Gold:   101        SH:  0    Dex: 15    Spells: 6/12 levels left

rFire    + . .     SeeInvis .   x - +0 mace
rCold    x . .     Gourm    .   (no shield)
rNeg     . . .     Faith    .   n - +0 robe
rPois    +         Spirit   .   r - +0 helmet
rElec    .         Reflect  .   w - +1 cloak
rCorr    .         Harm     .   (no gloves)
MR       .....                  (no boots)
Stlth    ++........             (no amulet)
HPRegen  0.09/turn              i - ring of poison resistance
MPRegen  0.13/turn              p - ring of fire

@: no status effects
A: no striking features
a: no special abilities


You were on level 3 of the Dungeon.
You were very hungry.

You visited 1 branch of the dungeon, and saw 3 of its levels.

You collected 101 gold pieces.

Inventory:

Hand Weapons
 k - a +0 club
 o - a +1 dagger of protection
 q - a +1 dagger of pain
 x - a +0 mace (weapon)
 y - a +0 mace
Armour
 a - a +0 robe
 n - a +0 robe (worn)
 r - a +0 helmet (worn)
 w - a +1 cloak (worn)
Jewellery
 i - a ring of poison resistance (left hand)
 p - a ring of fire (right hand)
Scrolls
 d - a scroll of enchant armour
 e - 2 scrolls of remove curse
 h - 2 scrolls of blinking {unknown}
 s - a scroll of teleportation {unknown}
 v - a scroll of magic mapping {unknown}
Potions
 j - 2 potions of curing
 m - a potion of flight
 t - a potion of invisibility
 u - a potion of heal wounds {unknown}
Books
 b - a book of Flames

   Spells                             Type                      Level
   a - Flame Tongue                   Conjuration/Fire             1
   b - Throw Flame                    Conjuration/Fire             2
   c - Conjure Flame                  Conjuration/Fire             3
   d - Inner Flame                    Hexes/Fire                   3
   e - Sticky Flame                   Conjuration/Fire             4
   f - Fireball                       Conjuration/Fire             5
Comestibles
 c - 4 bread rations
 f - 3 meat rations
 l - a royal jelly


   Skills:
 - Level 2.4 Dodging
 - Level 2.4 Stealth
 + Level 4.3 Spellcasting
 * Level 3.8 Conjurations
 + Level 4.2 Fire Magic


You had 6 spell levels left.
You knew the following spells:

 Your Spells              Type           Power        Failure   Level  Hunger
a - Flame Tongue          Conj/Fire      ####.        2%          1    None
b - Throw Flame           Conj/Fire      ####..       3%          2    #......
c - Conjure Flame         Conj/Fire      ####....     7%          3    ##.....


Dungeon Overview and Level Annotations

Branches:
Dungeon (3/15)

Altars:
Gozag

Annotations:
D:3 Ijyb


Message History

The crimson imp hits you.
You hit the crimson imp.
The crimson imp is moderately wounded.
The crimson imp hits you but does no damage.
You hit the crimson imp.
The crimson imp is heavily wounded.
The crimson imp barely misses you.
The crimson imp blinks!
You can't go up here!
You climb downwards.
There is a stone staircase leading up here.
Ijyb the Twisted Goblin comes into view.
She is wielding a club.
Ijyb shouts!
Ijyb zaps a wand.
You are blasted!
Ouch! That really hurt!
* * * LOW HITPOINT WARNING * * *
It is a wand of disintegration (11).
There is a stone staircase leading up here.
Ijyb zaps a wand.
You are blasted!
Ouch! That really hurt!
You die...

#.# #.# ..# #.#
..## #5# g.. #.#
#.. #.# .. ###. #.#
.#.....
#.##########<...##
#..(.@....g......#
##############.....
... #


You could see Ijyb.

Vanquished Creatures
  Crazy Yiuf (D:2)
  6 adders
  2 worms (D:2)
  2 dart slugs
  3 leopard geckos
  An orc (D:3)
  A giant cockroach (D:1)
  4 hobgoblins
  6 kobolds
  8 bats
  A frilled lizard (D:2)
  6 goblins
  8 rats
  2 fungi (D:2)
51 creatures vanquished.

Notes
Turn   | Place    | Note
-------+----------+-------------------------------------------
     0 | D:1      | mortelune the Deep Elf Fire Elementalist began the quest for the Orb.
     0 | D:1      | Reached XP level 1. HP: 10/10 MP: 6/6
   244 | D:1      | Reached XP level 2. HP: 15/15 MP: 6/8
   248 | D:1      | Learned a level 2 spell: Throw Flame
  1091 | D:2      | Reached XP level 3. HP: 19/19 MP: 7/10
  1096 | D:2      | Learned a level 3 spell: Conjure Flame
  1553 | D:2      | Found an opulent altar of Gozag.
  1935 | D:2      | Reached XP level 4. HP: 24/24 MP: 3/11
  2526 | D:2      | Found a runed door.
  2530 | D:2      | Noticed Crazy Yiuf
  2535 | D:2      | Killed Crazy Yiuf
  2813 | D:3      | Reached XP level 5. HP: 28/28 MP: 8/13
  2918 | D:3      | Noticed Ijyb
  2925 | D:3      | Blown up by Ijyb

Vault maps used:
D:1:      dpeg_arrival_fog
D:2:      first_bread, grunt_gozag_breadcrumbs, uniq_crazy_yiuf_cottage
D:3:      uniq_ijyb

Skill      XL: |  1  2  3  4 |
---------------+-------------+-----
Conjurations   | 2 3 |  3.8
Fire Magic     | 4 |  4.2
Spellcasting   | 4 |  4.3
Dodging        | |  2.4
Stealth        | |  2.4

Action                   |  1- 3 |  4- 6 || total
-------------------------+-------+-------++-------
Melee: Club              |     5 |       ||     5
       Dagger            |    33 |       ||    33
       Mace              |       |    66 ||    66
 Cast: Flame Tongue      |    47 |    10 ||    57
       Throw Flame       |    18 |     9 ||    27
       Conjure Flame     |     2 |     3 ||     5
  Use: Scroll            |       |     5 ||     5
  Eat: Chunk             |     4 |     2 ||     6
Armor: Robe              |     4 |     6 ||    10
Dodge: Dodged            |    22 |     5 ||    27

Table legend:
 A = Spawn XP
 B = Non-spawn XP
 C = Spawn XP percentage of total XP
 D = Spawn monster count
 E = Non-spawn monster count
 F = Spawn count percentage of total count
 G = Total turns spent on level
                    A         B        C        D         E        F      G
               +---------+---------+-------+---------+---------+-------+---------
         Total |       0 |     201 |   0.0 |       0 |      49 |   0.0 |  2925
               +---------+---------+-------+---------+---------+-------+---------
           D:1 |       0 |      38 |   0.0 |       0 |      21 |   0.0 |  1123
           D:2 |       0 |     129 |   0.0 |       0 |      22 |   0.0 |  1517
           D:3 |       0 |      34 |   0.0 |       0 |       6 |   0.0 |   285
               +---------+---------+-------+---------+---------+-------+---------
